Flames vs Kings
Created - 12 novembre 2012 at 19:22
Goals
|
| Flames |
1 |
2 |
1 |
4 |
| Kings |
2 |
3 |
2 |
7 |
|
Shots
|
| Flames |
8 |
14 |
7 |
29 |
| Kings |
12 |
15 |
10 |
37 |
|
1st period
1. Flames , Mike Mottau 1 (Michal Handzus, Pavel Bure) at 11:35
2. Kings , Bryan McCabe 1 (Ryan Whitney, Nik Antropov) at 12:37
3. Kings , Dustin Brown 1 (Ryan Whitney, Derek Boogaard) at 19:40
Penalties :
Bryan McCabe (LAK) for Holding (Minor) at 9:46, Blair Betts (Cal) for Interference (Minor) at 9:46, Mike Richards (LAK) for Hooking (Minor) at 13:30
2nd period
4. Kings , Alexei Morozov 1 (Ryan Whitney, Derek Boogaard) at 13:30
5. Kings , Patrick Kane 1 (Nik Antropov) at 16:44 (PP)
6. Kings , Alexei Morozov 2 (Nicklas Lidstrom, Mike Richards) at 16:50
7. Flames , Alexander Semin 1 (Shawn Horcoff) at 17:09 (PP)
8. Flames , Shawn Horcoff 1 (Alexander Semin, Rob Blake) at 18:47
Penalties :
Brett Lebda (Cal) for Hooking (Minor) at 3:58, Jordin Tootoo (Cal) for Hooking (Minor) at 5:15, David Backes (Cal) for High sticking (Minor) at 16:28, Rick Nash (LAK) for Tripping (Minor) at 17:07, Alexei Morozov (LAK) for Hooking (Minor) at 18:48
3rd period
9. Flames , Blair Betts 1 (David Backes) at 8:50 (PP)
10. Kings , Alexei Morozov 3 (Rick Nash, Ryan Whitney) at 12:07
11. Kings , Patrick Kane 2 (Francis Bouillon) at 19:03
Penalties :
Alexei Morozov (LAK) for Boarding (Minor) at 2:43, Francis Bouillon (LAK) for Hooking (Minor) at 8:46, Darcy Hordichuk (LAK) for Interference (Minor) at 14:25, Alexei Morozov (LAK) for Interference (Minor) at 19:14
Goalie Stats
Pekka Rinne (Cal), 30 saves from 37 shots - (0,811), L, 0-1-0, 60:00 minutes
Jimmy Howard (LAK), 25 saves from 29 shots - (0,862), W, 1-0-0, 60:00 minutes
Players Stats for Flames
Player Name G A P +/- PIM S H SB GA TA FO MP PP MP PK MP
------------------------------------------------------------------------------------
Alexander Semin 1 1 2 0 0 2 1 0 1 0 0/1 18:38 4:47 0:14
Blair Betts 1 0 1 -1 2 3 1 0 1 0 4/11 15:16 4:00 0:18
Brett Lebda 0 0 0 0 2 0 1 0 0 2 0/0 11:49 0:00 0:12
David Backes 0 1 1 0 2 3 4 0 0 0 0/1 16:56 3:51 0:00
David Moss 0 0 0 0 0 1 0 0 0 1 0/0 7:22 0:00 0:00
Jordin Tootoo 0 0 0 0 2 0 0 0 0 0 0/0 7:59 0:09 0:13
Kyle Calder 0 0 0 0 0 3 0 0 0 0 0/0 14:07 4:00 0:00
Matt Smaby 0 0 0 0 0 0 3 1 0 1 0/0 15:13 3:15 0:00
Michal Handzus 0 1 1 -4 0 1 3 2 0 0 9/25 18:40 0:00 2:05
Mike Mottau 1 0 1 1 0 4 2 2 0 0 0/0 20:41 3:15 1:41
Mikhail Grabovski 0 0 0 0 0 3 1 0 0 0 2/3 7:22 0:00 0:00
Owen Nolan 0 0 0 0 0 1 2 0 0 0 1/2 9:49 0:00 0:00
Pavel Bure 0 1 1 -4 0 1 0 1 1 0 0/2 21:42 4:47 0:32
Petr Schastlivy 0 0 0 -4 0 0 1 1 0 1 0/2 16:22 0:00 1:52
Rob Blake 0 1 1 -3 0 3 0 1 1 1 0/0 25:47 5:32 1:41
Shawn Horcoff 1 1 2 0 0 3 4 1 0 0 7/18 19:19 4:47 0:55
Steve Eminger 0 0 0 -1 0 0 1 0 0 1 0/0 19:00 0:00 1:51
Tomas Kaberle 0 0 0 -5 0 1 3 0 0 0 0/0 27:41 5:32 1:51
Players Stats for Kings
Player Name G A P +/- PIM S H SB GA TA FO MP PP MP PK MP
------------------------------------------------------------------------------------
Alexei Morozov 3 0 3 4 6 7 2 0 2 0 1/1 19:37 1:33 0:00
Braydon Coburn 0 0 0 1 0 1 0 0 1 0 0/0 19:51 0:00 5:32
Brian McGrattan 0 0 0 0 0 1 0 0 1 0 0/0 6:01 0:00 0:00
Bryan McCabe 1 0 1 2 2 2 0 1 0 0 0/0 19:21 1:15 3:15
Darcy Hordichuk 0 0 0 0 2 0 3 1 0 0 0/0 11:14 0:00 3:54
Derek Boogaard 0 2 2 -1 0 3 1 1 0 1 0/1 15:38 0:00 2:07
Dustin Brown 1 0 1 0 0 1 0 0 0 0 1/1 14:21 1:33 0:00
Erik Cole 0 0 0 1 0 1 2 0 0 0 0/0 12:15 0:00 2:21
Francis Bouillon 0 1 1 0 2 0 2 4 0 1 0/0 19:21 1:15 5:07
François Beauchemin 0 0 0 0 0 3 0 1 0 1 0/0 15:56 0:00 3:15
Mike Ricci 0 0 0 1 0 3 1 2 0 0 3/6 11:54 0:00 2:21
Mike Richards 0 1 1 3 2 1 2 1 0 0 19/31 16:50 1:33 0:00
Nicklas Lidstrom 0 1 1 3 0 2 2 3 1 0 0/0 23:23 2:17 0:25
Nik Antropov 0 2 2 1 0 3 2 2 1 0 11/13 16:54 1:59 0:00
Patrick Kane 2 0 2 1 0 3 0 0 0 0 0/0 12:02 1:59 0:00
Randy Robitaille 0 0 0 0 0 0 0 1 0 0 7/11 11:40 0:00 5:18
Rick Nash 0 1 1 2 2 3 0 1 1 0 0/1 19:50 1:59 1:33
Ryan Whitney 0 4 4 3 0 3 0 0 0 1 0/0 22:58 2:17 0:00
3 Stars
1 - Alexei Morozov (LAK)
2 - Ryan Whitney (LAK)
3 - Patrick Kane (LAK)
Power Play
Flames - 2 on 7 Attempt(s) - 28,57%
Kings - 1 on 3 Attempt(s) - 33,33%
Penalty Kill
Flames - 2 on 3 Attempt(s) - 66,67%
- Score 0 goal in Penalty Kill
Kings - 5 on 7 Attempt(s) - 71,43%
- Score 0 goal in Penalty Kill
Official
Referees : Ciamaga Chris and LaRue Dennis
Linesman : Mark Shewchyk and Shane Heyer
Game Notes
Alexei Morozov has scored a Hat Trick!
Finance
Level 1 -- Attendance: 2542 (42,37%) -- Ticket Income 508 400 $
Level 2 -- Attendance: 2000 (40,00%) -- Ticket Income 300 000 $
Level 3 -- Attendance: 800 (40,00%) -- Ticket Income 80 000 $
Level 4 -- Attendance: 1600 (40,00%) -- Ticket Income 80 000 $
Luxury Box -- Attendance: 745 (74,50%) -- Ticket Income 223 500 $
Total Attendance: 7687 (42,71%)
Total Ticket Income: 1 191 900 $
Total Income: 1 191 900 $
Flames
5 vs 5 Forward
Center Left Wing Right Wing Time % Phy DF OF
1 Michal Handzus Petr Schastlivy Pavel Bure 35 1 2 2
2 Shawn Horcoff Alexander Semin David Backes 30 1 2 2
3 Blair Betts Kyle Calder Owen Nolan 20 1 2 2
4 Mikhail Grabovski David Moss Jordin Tootoo 15 1 2 2
5 vs 5 Defense
Defense Defense Time % Phy DF OF
1 Tomas Kaberle Rob Blake 40 1 3 1
2 Mike Mottau Steve Eminger 30 1 2 2
3 Matt Smaby Brett Lebda 20 1 2 2
4 Mike Mottau Steve Eminger 10 1 3 1
PowerPlay Forward
Center Left Wing Right Wing Time % Phy DF OF
1 Shawn Horcoff Alexander Semin Pavel Bure 60 1 1 3
2 Blair Betts Kyle Calder David Backes 40 1 1 3
PowerPlay Defense
Defense Defense Time % Phy DF OF
1 Tomas Kaberle Rob Blake 60 1 2 2
2 Mike Mottau Matt Smaby 40 1 2 2
Penalty Kill 4 Players Forward
Center Wing Time % Phy DF OF
1 Michal Handzus Petr Schastlivy 60 1 3 1
2 Shawn Horcoff Pavel Bure 40 1 3 1
Penalty Kill 4 Players Defense
Defense Defense Time % Phy DF OF
1 Tomas Kaberle Steve Eminger 60 1 3 1
2 Mike Mottau Rob Blake 40 1 3 1
Penalty Kill - 3 Players Forward
Forward Time % Phy DF OF
1 Michal Handzus 60 1 3 1
2 Shawn Horcoff 40 1 3 1
Penalty Kill - 3 Players Defense
Defense Defense Time % Phy DF OF
1 Tomas Kaberle Steve Eminger 60 1 3 1
2 Mike Mottau Rob Blake 40 1 3 1
4 vs 4 Forward
Center Wing Time % Phy DF OF
1 Michal Handzus Pavel Bure 60 1 2 2
2 Shawn Horcoff Alexander Semin 40 1 2 2
4 vs 4 Defense
Defense Defense Time % Phy DF OF
1 Tomas Kaberle Steve Eminger 60 1 2 2
2 Mike Mottau Rob Blake 40 1 2 2
Last Minutes Offensive
Center Left Wing Right Wing Defense Defense
Michal Handzus Alexander Semin Pavel Bure Tomas Kaberle Steve Eminger
Last Minutes Defensive
Center Left Wing Right Wing Defense Defense
Michal Handzus Petr Schastlivy Pavel Bure Tomas Kaberle Steve Eminger
Goaltenders
Starting : Pekka Rinne
Backup : Craig Anderson
Extra Forwards
Normal : David Backes, Petr Schastlivy, Kyle Calder - PP : Shawn Horcoff, David Backes - PK : Jordin Tootoo
Extra Defensemen
Normal : Rob Blake, Brett Lebda, Matt Smaby - PP : Matt Smaby - PK : Mike Mottau, Brett Lebda
Penalty Shots
Michal Handzus, Pavel Bure, Alexander Semin, David Backes, Shawn Horcoff
Kings
5 vs 5 Forward
Center Left Wing Right Wing Time % Phy DF OF
1 Mike Richards Rick Nash Alexei Morozov 40 1 2 2
2 Nik Antropov Derek Boogaard Dustin Brown 30 1 2 2
3 Mike Ricci Erik Cole Patrick Kane 25 1 2 2
4 Randy Robitaille Darcy Hordichuk Brian McGrattan 5 1 2 2
5 vs 5 Defense
Defense Defense Time % Phy DF OF
1 Nicklas Lidstrom Ryan Whitney 40 1 2 2
2 Braydon Coburn Bryan McCabe 30 1 2 2
3 François Beauchemin Francis Bouillon 20 1 2 2
4 François Beauchemin Francis Bouillon 10 1 2 2
PowerPlay Forward
Center Left Wing Right Wing Time % Phy DF OF
1 Nik Antropov Rick Nash Patrick Kane 60 0 1 4
2 Mike Richards Dustin Brown Alexei Morozov 40 0 1 4
PowerPlay Defense
Defense Defense Time % Phy DF OF
1 Nicklas Lidstrom Ryan Whitney 60 0 2 3
2 Francis Bouillon Bryan McCabe 40 0 2 3
Penalty Kill 4 Players Forward
Center Wing Time % Phy DF OF
1 Randy Robitaille Darcy Hordichuk 60 1 3 1
2 Mike Ricci Erik Cole 40 1 3 1
Penalty Kill 4 Players Defense
Defense Defense Time % Phy DF OF
1 Braydon Coburn Francis Bouillon 60 1 3 1
2 François Beauchemin Bryan McCabe 40 1 3 1
Penalty Kill - 3 Players Forward
Forward Time % Phy DF OF
1 Nik Antropov 60 1 3 1
2 Randy Robitaille 40 1 3 1
Penalty Kill - 3 Players Defense
Defense Defense Time % Phy DF OF
1 Nicklas Lidstrom Braydon Coburn 60 1 4 0
2 François Beauchemin Francis Bouillon 40 1 4 0
4 vs 4 Forward
Center Wing Time % Phy DF OF
1 Nik Antropov Alexei Morozov 60 1 2 2
2 Rick Nash Derek Boogaard 40 1 2 2
4 vs 4 Defense
Defense Defense Time % Phy DF OF
1 Nicklas Lidstrom Ryan Whitney 60 1 2 2
2 Francis Bouillon Bryan McCabe 40 1 2 2
Last Minutes Offensive
Center Left Wing Right Wing Defense Defense
Nik Antropov Rick Nash Alexei Morozov Nicklas Lidstrom Ryan Whitney
Last Minutes Defensive
Center Left Wing Right Wing Defense Defense
Nik Antropov Darcy Hordichuk Dustin Brown Braydon Coburn François Beauchemin
Goaltenders
Starting : Jimmy Howard
Backup : Kevin Weekes
Extra Forwards
Normal : Patrick Kane, Derek Boogaard, Darcy Hordichuk - PP : Erik Cole, Derek Boogaard - PK : Rick Nash
Extra Defensemen
Normal : François Beauchemin, Braydon Coburn, Francis Bouillon - PP : François Beauchemin - PK : Nicklas Lidstrom, Ryan Whitney
Penalty Shots
Alexei Morozov, Rick Nash, Patrick Kane, Mike Richards, Nicklas Lidstrom
% Time on Ice - Flames
Lines # - Real PCT - Wanted PCT - Time Play
Normal Forward
1 - 34% - 35% - 15:25
2 - 29% - 30% - 13:06
3 - 21% - 20% - 9:49
4 - 16% - 15% - 7:22
Normal Defense
1 - 41% - 40% - 18:53
2 - 29% - 30% - 13:13
3 - 24% - 20% - 11:01
4 - 6% - 10% - 2:35
PP Forward
1 - 54% - 60% - 4:47
2 - 46% - 40% - 4:00
PP Defense
1 - 63% - 60% - 5:32
2 - 37% - 40% - 3:15
PK Forward
1 - 74% - 60% - 2:06
2 - 26% - 40% - 0:44
PK Defense
1 - 62% - 60% - 1:45
2 - 38% - 40% - 1:05
PK3 Forward
1 - 74% - 60% - 0:31
2 - 26% - 40% - 0:11
PK3 Defense
1 - 14% - 60% - 0:06
2 - 86% - 40% - 0:36
44 Forward
1 - 61% - 60% - 1:13
2 - 39% - 40% - 0:46
44 Defense
1 - 71% - 60% - 1:25
2 - 29% - 40% - 0:34
Last Minute Offensive - 0:00
Last Minute Defensive - 0:00
Total
Forward - 60:00
Defense - 60:00
|
% Time on Ice - Kings
Lines # - Real PCT - Wanted PCT - Time Play
Normal Forward
1 - 37% - 40% - 16:52
2 - 29% - 30% - 13:20
3 - 21% - 25% - 9:29
4 - 13% - 5% - 6:01
Normal Defense
1 - 44% - 40% - 19:58
2 - 31% - 30% - 14:00
3 - 20% - 20% - 8:59
4 - 6% - 10% - 2:45
PP Forward
1 - 56% - 60% - 1:59
2 - 44% - 40% - 1:33
PP Defense
1 - 65% - 60% - 2:17
2 - 35% - 40% - 1:15
PK Forward
1 - 73% - 60% - 6:26
2 - 27% - 40% - 2:21
PK Defense
1 - 63% - 60% - 5:32
2 - 37% - 40% - 3:15
PK3 Forward
1 - 0% - 60%
2 - 0% - 40%
PK3 Defense
1 - 0% - 60%
2 - 0% - 40%
44 Forward
1 - 66% - 60% - 1:19
2 - 34% - 40% - 0:40
44 Defense
1 - 72% - 60% - 1:26
2 - 28% - 40% - 0:33
Last Minute Offensive - 0:00
Last Minute Defensive - 0:00
Total
Forward - 60:00
Defense - 60:00
|
Play by Play
1st period
0:01 of 1st period - Mike Richards wins face-off versus Pavel Bure in neutral zone.
0:12 of 1st period - Backhand shot by Mike Richards.
0:12 of 1st period - Shot Misses the Net.
0:14 of 1st period - Slapshot by Ryan Whitney.
0:14 of 1st period - Deflect By Mike Richards.
0:14 of 1st period - Stopped by Pekka Rinne with a rebound.
0:16 of 1st period - Slapshot by Nicklas Lidstrom.
0:16 of 1st period - Shot Misses the Net.
0:26 of 1st period - Ryan Whitney is hit by Alexander Semin and loses puck.
0:30 of 1st period - Icing by Nicklas Lidstrom.
0:31 of 1st period - Nik Antropov wins face-off versus Shawn Horcoff in Kings zone.
0:58 of 1st period - Snap shot by Nik Antropov.
0:58 of 1st period - Shot Misses the Net.
1:14 of 1st period - Snap shot by David Backes.
1:14 of 1st period - Stopped by Jimmy Howard with a rebound.
1:16 of 1st period - Slapshot by Mike Mottau.
1:16 of 1st period - Stopped by Jimmy Howard without a rebound.
1:17 of 1st period - Mike Ricci wins face-off versus Blair Betts in Kings zone.
1:22 of 1st period - Francis Bouillon is hit by Owen Nolan.
1:44 of 1st period - Francis Bouillon is hit by Brett Lebda and loses puck.
1:51 of 1st period - Backhand shot by David Moss.
1:51 of 1st period - Shot Blocked by Francis Bouillon.
2:09 of 1st period - Slapshot by Tomas Kaberle.
2:09 of 1st period - Shot Misses the Net.
2:19 of 1st period - Snap shot by Pavel Bure.
2:19 of 1st period - Stopped by Jimmy Howard with a rebound.
2:47 of 1st period - Brett Lebda is hit by Darcy Hordichuk and loses puck.
2:56 of 1st period - Snap shot by Darcy Hordichuk.
2:56 of 1st period - Shot Misses the Net.
2:58 of 1st period - Slapshot by Ryan Whitney.
2:58 of 1st period - Deflect By Brian McGrattan.
2:58 of 1st period - Stopped by Pekka Rinne without a rebound.
2:59 of 1st period - Mike Richards wins face-off versus Petr Schastlivy in Flames zone.
3:12 of 1st period - Wrist shot by Petr Schastlivy.
3:12 of 1st period - Shot Misses the Net.
3:26 of 1st period - François Beauchemin is hit by Shawn Horcoff.
3:42 of 1st period - Erik Cole is hit by Shawn Horcoff and loses puck.
3:57 of 1st period - Wrist shot by Mikhail Grabovski.
3:57 of 1st period - Stopped by Jimmy Howard without a rebound.
3:58 of 1st period - Mikhail Grabovski wins face-off versus Mike Richards in Kings zone.
4:01 of 1st period - Wrist shot by Jordin Tootoo.
4:01 of 1st period - Deflect By Mikhail Grabovski.
4:01 of 1st period - Stopped by Jimmy Howard without a rebound.
4:02 of 1st period - Michal Handzus wins face-off versus Mike Richards in Kings zone.
4:17 of 1st period - Wrist shot by Mike Richards.
4:17 of 1st period - Shot Blocked by Mike Mottau.
4:51 of 1st period - Snap shot by Patrick Kane.
4:51 of 1st period - Shot Misses the Net.
4:57 of 1st period - Wrist shot by Blair Betts.
4:57 of 1st period - Shot Misses the Net.
4:59 of 1st period - Snap shot by Blair Betts.
4:59 of 1st period - Shot Blocked by Mike Ricci.
5:39 of 1st period - Michal Handzus is hit by Francis Bouillon and loses puck.
5:52 of 1st period - Wrist shot by Alexander Semin.
5:52 of 1st period - Shot Misses the Net.
6:12 of 1st period - Backhand shot by Owen Nolan.
6:12 of 1st period - Shot Hit the Post.
6:14 of 1st period - Slapshot by Rob Blake.
6:14 of 1st period - Stopped by Jimmy Howard without a rebound.
6:15 of 1st period - Mike Richards wins face-off versus Blair Betts in Kings zone.
6:15 of 1st period - Mike Richards is hit by Matt Smaby.
6:51 of 1st period - Braydon Coburn is hit by Matt Smaby and loses puck.
7:08 of 1st period - Snap shot by Patrick Kane.
7:08 of 1st period - Deflect By Steve Eminger.
7:08 of 1st period - Stopped by Pekka Rinne with a rebound.
7:10 of 1st period - Snap shot by Mike Ricci.
7:10 of 1st period - Stopped by Pekka Rinne with a rebound.
7:44 of 1st period - Slapshot by Steve Eminger.
7:44 of 1st period - Shot Misses the Net.
7:46 of 1st period - Slapshot by Steve Eminger.
7:46 of 1st period - Shot Blocked by François Beauchemin.
8:27 of 1st period - Snap shot by Mikhail Grabovski.
8:27 of 1st period - Shot Misses the Net.
8:49 of 1st period - Mike Richards is hit by David Backes.
9:17 of 1st period - Mike Mottau is hit by Mike Ricci and loses puck.
9:24 of 1st period - Erik Cole is hit by Petr Schastlivy and loses puck.
9:43 of 1st period - Slapshot by Brian McGrattan.
9:43 of 1st period - Shot Misses the Net.
9:46 of 1st period - Minor Penalty to Bryan McCabe for Holding.
9:46 of 1st period - Minor Penalty to Blair Betts for Interference.
9:47 of 1st period - Nik Antropov wins face-off versus Michal Handzus in neutral zone.
10:48 of 1st period - Icing by Michal Handzus.
10:49 of 1st period - Nik Antropov wins face-off versus Michal Handzus in Flames zone.
11:06 of 1st period - Slapshot by Rob Blake.
11:06 of 1st period - Deflect By Alexander Semin.
11:06 of 1st period - Shot Blocked by Nicklas Lidstrom.
11:06 of 1st period - Puck is out of play.
11:07 of 1st period - Shawn Horcoff wins face-off versus Nik Antropov in Kings zone.
11:28 of 1st period - Derek Boogaard is hit by Michal Handzus and loses puck.
11:33 of 1st period - Wrist shot by Michal Handzus.
11:33 of 1st period - Stopped by Jimmy Howard with a rebound.
11:35 of 1st period - Slapshot by Mike Mottau.
11:35 of 1st period - Goal by Mike Mottau - Flames : 1 - Kings : 0.
11:36 of 1st period - Nik Antropov wins face-off versus Pavel Bure in neutral zone.
11:39 of 1st period - Snap shot by Nik Antropov.
11:39 of 1st period - Stopped by Pekka Rinne with a rebound.
11:45 of 1st period - Wrist shot by Alexei Morozov.
11:45 of 1st period - Shot Misses the Net.
11:46 of 1st period - Penalty to Bryan McCabe is over, Bryan McCabe is back on ice.
11:46 of 1st period - Penalty to Blair Betts is over, Blair Betts is back on ice.
11:47 of 1st period - Backhand shot by Ryan Whitney.
11:47 of 1st period - Shot Blocked by Michal Handzus.
11:49 of 1st period - Slapshot by Ryan Whitney.
11:49 of 1st period - Stopped by Pekka Rinne with a rebound.
12:15 of 1st period - Wrist shot by Michal Handzus.
12:15 of 1st period - Shot Blocked by Nicklas Lidstrom.
12:23 of 1st period - Backhand shot by Alexei Morozov.
12:23 of 1st period - Shot Blocked by Michal Handzus.
12:31 of 1st period - Snap shot by Nik Antropov.
12:31 of 1st period - Shot Misses the Net.
12:33 of 1st period - Slapshot by Bryan McCabe.
12:33 of 1st period - Stopped by Pekka Rinne with a rebound.
12:35 of 1st period - Snap shot by Ryan Whitney.
12:35 of 1st period - Shot Misses the Net.
12:37 of 1st period - Snap shot by Bryan McCabe.
12:37 of 1st period - Goal by Bryan McCabe - Flames : 1 - Kings : 1.
12:38 of 1st period - Mike Ricci wins face-off versus Shawn Horcoff in neutral zone.
13:03 of 1st period - Darcy Hordichuk is hit by Mikhail Grabovski and loses puck.
13:26 of 1st period - Alexei Morozov is hit by Mike Mottau and loses puck.
13:30 of 1st period - Minor Penalty to Mike Richards for Hooking.
13:31 of 1st period - Randy Robitaille wins face-off versus Shawn Horcoff in Kings zone.
14:02 of 1st period - Randy Robitaille is hit by David Backes and loses puck.
14:57 of 1st period - Slapshot by Derek Boogaard.
14:57 of 1st period - Shot Misses the Net.
15:30 of 1st period - Penalty to Mike Richards is over, Mike Richards is back on ice.
15:35 of 1st period - Mike Mottau is hit by Derek Boogaard and loses puck.
15:52 of 1st period - Wrist shot by David Moss.
15:52 of 1st period - Shot Blocked by Bryan McCabe.
16:38 of 1st period - Braydon Coburn is hit by Shawn Horcoff and loses puck.
17:16 of 1st period - Mikhail Grabovski is hit by Nicklas Lidstrom and loses puck.
17:29 of 1st period - Owen Nolan is hit by Mike Richards and loses puck.
17:51 of 1st period - Rob Blake is hit by Darcy Hordichuk.
18:41 of 1st period - Off-side.
18:42 of 1st period - Mike Richards wins face-off versus Blair Betts in neutral zone.
18:49 of 1st period - Slapshot by Alexei Morozov.
18:49 of 1st period - Stopped by Pekka Rinne with a rebound.
19:30 of 1st period - Snap shot by Derek Boogaard.
19:30 of 1st period - Stopped by Pekka Rinne without a rebound.
19:31 of 1st period - Nik Antropov wins face-off versus David Backes in Flames zone.
19:36 of 1st period - Snap shot by Derek Boogaard.
19:36 of 1st period - Stopped by Pekka Rinne with a rebound.
19:38 of 1st period - Slapshot by Ryan Whitney.
19:38 of 1st period - Shot Misses the Net.
19:40 of 1st period - Snap shot by Dustin Brown.
19:40 of 1st period - Goal by Dustin Brown - Flames : 1 - Kings : 2.
19:41 of 1st period - Mike Richards wins face-off versus Michal Handzus in neutral zone.
19:43 of 1st period - Off-side.
19:44 of 1st period - Alexei Morozov wins face-off versus Michal Handzus in neutral zone.
19:47 of 1st period - Rob Blake is hit by Mike Richards and loses puck.
2nd period
0:01 of 2nd period - Shawn Horcoff wins face-off versus Mike Richards in neutral zone.
0:04 of 2nd period - Slapshot by Tomas Kaberle.
0:04 of 2nd period - Stopped by Jimmy Howard with a rebound.
0:26 of 2nd period - Alexei Morozov is hit by Owen Nolan and loses puck.
0:31 of 2nd period - Wrist shot by Kyle Calder.
0:31 of 2nd period - Stopped by Jimmy Howard without a rebound.
0:32 of 2nd period - Dustin Brown wins face-off versus Blair Betts in Kings zone.
1:21 of 2nd period - Wrist shot by Alexei Morozov.
1:21 of 2nd period - Shot Misses the Net.
1:23 of 2nd period - Slapshot by Mike Richards.
1:23 of 2nd period - Shot Misses the Net.
1:25 of 2nd period - Slapshot by Braydon Coburn.
1:25 of 2nd period - Stopped by Pekka Rinne without a rebound.
1:26 of 2nd period - Mike Richards wins face-off versus Shawn Horcoff in Flames zone.
1:49 of 2nd period - Mike Richards is hit by Shawn Horcoff and loses puck.
2:04 of 2nd period - Slapshot by David Backes.
2:04 of 2nd period - Shot Blocked by Rick Nash.
2:06 of 2nd period - Wrist shot by David Backes.
2:06 of 2nd period - Stopped by Jimmy Howard without a rebound.
2:07 of 2nd period - Nik Antropov wins face-off versus Michal Handzus in Kings zone.
3:29 of 2nd period - Snap shot by Alexei Morozov.
3:29 of 2nd period - Shot Blocked by Shawn Horcoff.
3:58 of 2nd period - Minor Penalty to Brett Lebda for Hooking.
3:59 of 2nd period - Nik Antropov wins face-off versus Michal Handzus in Flames zone.
4:14 of 2nd period - Wrist shot by Patrick Kane.
4:14 of 2nd period - Shot Misses the Net.
5:15 of 2nd period - Minor Penalty to Jordin Tootoo for Hooking.
5:16 of 2nd period - Nik Antropov wins face-off versus Michal Handzus in Flames zone.
5:29 of 2nd period - Wrist shot by Nik Antropov.
5:29 of 2nd period - Shot Blocked by Rob Blake.
5:31 of 2nd period - Wrist shot by Nik Antropov.
5:31 of 2nd period - Stopped by Pekka Rinne with a rebound.
5:49 of 2nd period - Backhand shot by Ryan Whitney.
5:49 of 2nd period - Shot Misses the Net.
5:51 of 2nd period - Slapshot by Ryan Whitney.
5:51 of 2nd period - Stopped by Pekka Rinne without a rebound.
5:52 of 2nd period - Mike Richards wins face-off versus Shawn Horcoff in Flames zone.
5:58 of 2nd period - Penalty to Brett Lebda is over, Brett Lebda is back on ice.
6:42 of 2nd period - Mike Mottau is hit by Francis Bouillon and loses puck.
7:01 of 2nd period - Slapshot by Shawn Horcoff.
7:01 of 2nd period - Shot Misses the Net.
7:03 of 2nd period - Slapshot by Mike Mottau.
7:03 of 2nd period - Stopped by Jimmy Howard without a rebound.
7:04 of 2nd period - Nik Antropov wins face-off versus Michal Handzus in Kings zone.
7:04 of 2nd period - Nik Antropov is hit by Michal Handzus.
7:15 of 2nd period - Penalty to Jordin Tootoo is over, Jordin Tootoo is back on ice.
7:31 of 2nd period - Snap shot by Shawn Horcoff.
7:31 of 2nd period - Stopped by Jimmy Howard with a rebound.
7:42 of 2nd period - Icing by Patrick Kane.
7:43 of 2nd period - Owen Nolan wins face-off versus Mike Ricci in Kings zone.
8:53 of 2nd period - Wrist shot by Kyle Calder.
8:53 of 2nd period - Stopped by Jimmy Howard with a rebound.
8:55 of 2nd period - Wrist shot by Steve Eminger.
8:55 of 2nd period - Shot Blocked by Darcy Hordichuk.
8:57 of 2nd period - Slapshot by Steve Eminger.
8:57 of 2nd period - Shot Blocked by Nicklas Lidstrom.
9:27 of 2nd period - Snap shot by Alexei Morozov.
9:27 of 2nd period - Stopped by Pekka Rinne with a rebound.
9:41 of 2nd period - Icing by David Moss.
9:42 of 2nd period - Mike Ricci wins face-off versus Mikhail Grabovski in Flames zone.
10:07 of 2nd period - Slapshot by Rob Blake.
10:07 of 2nd period - Stopped by Jimmy Howard with a rebound.
10:09 of 2nd period - Wrist shot by Mikhail Grabovski.
10:09 of 2nd period - Stopped by Jimmy Howard with a rebound.
10:11 of 2nd period - Snap shot by Jordin Tootoo.
10:11 of 2nd period - Shot Misses the Net.
10:13 of 2nd period - Slapshot by David Moss.
10:13 of 2nd period - Stopped by Jimmy Howard without a rebound.
10:14 of 2nd period - Mike Richards wins face-off versus Michal Handzus in Kings zone.
10:14 of 2nd period - Mike Richards is hit by Steve Eminger.
10:22 of 2nd period - Michal Handzus is hit by Alexei Morozov and loses puck.
10:39 of 2nd period - Nicklas Lidstrom is hit by David Backes and loses puck.
11:30 of 2nd period - Backhand shot by Patrick Kane.
11:30 of 2nd period - Deflect By Erik Cole.
11:30 of 2nd period - Stopped by Pekka Rinne without a rebound.
11:31 of 2nd period - Mike Richards wins face-off versus Shawn Horcoff in Flames zone.
11:42 of 2nd period - Snap shot by Alexei Morozov.
11:42 of 2nd period - Shot Hit the Post.
12:03 of 2nd period - Wrist shot by Nik Antropov.
12:03 of 2nd period - Stopped by Pekka Rinne with a rebound.
12:05 of 2nd period - Slapshot by Nicklas Lidstrom.
12:05 of 2nd period - Deflect By Petr Schastlivy.
12:05 of 2nd period - Stopped by Pekka Rinne without a rebound.
12:06 of 2nd period - Mike Richards wins face-off versus Michal Handzus in Flames zone.
12:15 of 2nd period - Snap shot by Rick Nash.
12:15 of 2nd period - Stopped by Pekka Rinne without a rebound.
12:16 of 2nd period - Mike Richards wins face-off versus Michal Handzus in Flames zone.
12:35 of 2nd period - Snap shot by Rick Nash.
12:35 of 2nd period - Stopped by Pekka Rinne without a rebound.
12:36 of 2nd period - Nik Antropov wins face-off versus Alexander Semin in Flames zone.
12:43 of 2nd period - Nicklas Lidstrom is hit by David Backes and loses puck.
13:26 of 2nd period - Wrist shot by Alexei Morozov.
13:26 of 2nd period - Stopped by Pekka Rinne with a rebound.
13:28 of 2nd period - Slapshot by Alexei Morozov.
13:28 of 2nd period - Shot Misses the Net.
13:30 of 2nd period - Snap shot by Alexei Morozov.
13:30 of 2nd period - Goal by Alexei Morozov - Flames : 1 - Kings : 3.
13:31 of 2nd period - Michal Handzus wins face-off versus Mike Richards in neutral zone.
13:34 of 2nd period - Bryan McCabe is hit by Michal Handzus.
13:40 of 2nd period - Slapshot by Alexei Morozov.
13:40 of 2nd period - Shot Blocked by Mike Mottau.
14:23 of 2nd period - Wrist shot by Blair Betts.
14:23 of 2nd period - Stopped by Jimmy Howard without a rebound.
14:24 of 2nd period - Mike Richards wins face-off versus Owen Nolan in Kings zone.
14:34 of 2nd period - Off-side.
14:35 of 2nd period - Mike Richards wins face-off versus Michal Handzus in neutral zone.
15:02 of 2nd period - David Backes is hit by Nik Antropov and loses puck.
15:09 of 2nd period - Wrist shot by Nik Antropov.
15:09 of 2nd period - Shot Misses the Net.
15:11 of 2nd period - Snap shot by François Beauchemin.
15:11 of 2nd period - Stopped by Pekka Rinne with a rebound.
15:49 of 2nd period - Jordin Tootoo is hit by Alexei Morozov and loses puck.
16:28 of 2nd period - Minor Penalty to David Backes for High sticking.
16:29 of 2nd period - Nik Antropov wins face-off versus Michal Handzus in Flames zone.
16:44 of 2nd period - Wrist shot by Patrick Kane.
16:44 of 2nd period - Goal by Patrick Kane - Flames : 1 - Kings : 4.
16:45 of 2nd period - Mike Richards wins face-off versus Michal Handzus in neutral zone.
16:48 of 2nd period - Slapshot by Nicklas Lidstrom.
16:48 of 2nd period - Deflect By Rob Blake.
16:48 of 2nd period - Stopped by Pekka Rinne with a rebound.
16:50 of 2nd period - Snap shot by Alexei Morozov.
16:50 of 2nd period - Goal by Alexei Morozov - Flames : 1 - Kings : 5.
16:51 of 2nd period - Michal Handzus wins face-off versus Mike Richards in neutral zone.
17:07 of 2nd period - Minor Penalty to Rick Nash for Tripping.
17:08 of 2nd period - Shawn Horcoff wins face-off versus Randy Robitaille in Kings zone.
17:09 of 2nd period - Wrist shot by Alexander Semin.
17:09 of 2nd period - Goal by Alexander Semin - Flames : 2 - Kings : 5.
17:10 of 2nd period - Michal Handzus wins face-off versus Mike Richards in neutral zone.
17:40 of 2nd period - Snap shot by Shawn Horcoff.
17:40 of 2nd period - Stopped by Jimmy Howard with a rebound.
17:42 of 2nd period - Wrist shot by David Backes.
17:42 of 2nd period - Stopped by Jimmy Howard with a rebound.
18:47 of 2nd period - Snap shot by Shawn Horcoff.
18:47 of 2nd period - Goal by Shawn Horcoff - Flames : 3 - Kings : 5.
18:48 of 2nd period - Michal Handzus wins face-off versus Mike Richards in neutral zone.
18:48 of 2nd period - Minor Penalty to Alexei Morozov for Hooking.
18:49 of 2nd period - Randy Robitaille wins face-off versus Blair Betts in Kings zone.
19:52 of 2nd period - Off-side.
19:53 of 2nd period - Randy Robitaille wins face-off versus Shawn Horcoff in neutral zone.
3rd period
0:01 of 3rd period - Randy Robitaille wins face-off versus Shawn Horcoff in neutral zone.
0:26 of 3rd period - David Backes is hit by Darcy Hordichuk and loses puck.
0:37 of 3rd period - Slapshot by Mike Ricci.
0:37 of 3rd period - Shot Misses the Net.
0:45 of 3rd period - Wrist shot by Mike Ricci.
0:45 of 3rd period - Shot Misses the Net.
0:47 of 3rd period - Slapshot by François Beauchemin.
0:47 of 3rd period - Deflect By David Backes.
0:47 of 3rd period - Stopped by Pekka Rinne with a rebound.
0:48 of 3rd period - Penalty to Alexei Morozov is over, Alexei Morozov is back on ice.
0:49 of 3rd period - Snap shot by Alexei Morozov.
0:49 of 3rd period - Shot Misses the Net.
0:51 of 3rd period - Snap shot by Mike Ricci.
0:51 of 3rd period - Stopped by Pekka Rinne without a rebound.
0:52 of 3rd period - Mike Richards wins face-off versus Michal Handzus in Flames zone.
1:01 of 3rd period - Wrist shot by Alexei Morozov.
1:01 of 3rd period - Stopped by Pekka Rinne without a rebound.
1:02 of 3rd period - Michal Handzus wins face-off versus Mike Richards in Flames zone.
1:11 of 3rd period - Snap shot by Rick Nash.
1:11 of 3rd period - Shot Misses the Net.
1:13 of 3rd period - Slapshot by Ryan Whitney.
1:13 of 3rd period - Deflect By Steve Eminger.
1:13 of 3rd period - Stopped by Pekka Rinne without a rebound.
1:14 of 3rd period - Michal Handzus wins face-off versus Mike Richards in Flames zone.
1:45 of 3rd period - Snap shot by Nik Antropov.
1:45 of 3rd period - Shot Blocked by Petr Schastlivy.
1:47 of 3rd period - Snap shot by Derek Boogaard.
1:47 of 3rd period - Stopped by Pekka Rinne with a rebound.
1:49 of 3rd period - Snap shot by Derek Boogaard.
1:49 of 3rd period - Shot Blocked by Pavel Bure.
2:27 of 3rd period - Snap shot by Alexander Semin.
2:27 of 3rd period - Shot Blocked by Mike Richards.
2:29 of 3rd period - Slapshot by Mike Mottau.
2:29 of 3rd period - Stopped by Jimmy Howard without a rebound.
2:30 of 3rd period - Blair Betts wins face-off versus Derek Boogaard in Kings zone.
2:42 of 3rd period - Icing by Tomas Kaberle.
2:43 of 3rd period - Mike Richards wins face-off versus Blair Betts in Flames zone.
2:43 of 3rd period - Minor Penalty to Alexei Morozov for Boarding.
2:44 of 3rd period - Randy Robitaille wins face-off versus Shawn Horcoff in Kings zone.
4:35 of 3rd period - Shawn Horcoff is hit by Erik Cole and loses puck.
4:43 of 3rd period - Penalty to Alexei Morozov is over, Alexei Morozov is back on ice.
4:48 of 3rd period - Francis Bouillon is hit by Mike Mottau and loses puck.
5:03 of 3rd period - Slapshot by Ryan Whitney.
5:03 of 3rd period - Deflect By Randy Robitaille.
5:03 of 3rd period - Shot Misses the Net.
5:03 of 3rd period - Puck is out of play.
5:04 of 3rd period - Blair Betts wins face-off versus Mike Ricci in Flames zone.
7:26 of 3rd period - Backhand shot by Mike Ricci.
7:26 of 3rd period - Stopped by Pekka Rinne with a rebound.
7:28 of 3rd period - Slapshot by François Beauchemin.
7:28 of 3rd period - Deflect By Pavel Bure.
7:28 of 3rd period - Stopped by Pekka Rinne without a rebound.
7:29 of 3rd period - Shawn Horcoff wins face-off versus Mike Richards in Flames zone.
7:40 of 3rd period - Snap shot by Mike Richards.
7:40 of 3rd period - Shot Misses the Net.
7:54 of 3rd period - Bryan McCabe is hit by Blair Betts and loses puck.
7:59 of 3rd period - Snap shot by Kyle Calder.
7:59 of 3rd period - Stopped by Jimmy Howard with a rebound.
8:46 of 3rd period - Minor Penalty to Francis Bouillon for Hooking.
8:47 of 3rd period - Blair Betts wins face-off versus Randy Robitaille in Kings zone.
8:50 of 3rd period - Backhand shot by David Backes.
8:50 of 3rd period - Deflect By Blair Betts.
8:50 of 3rd period - Goal by Blair Betts - Flames : 4 - Kings : 5.
8:51 of 3rd period - Michal Handzus wins face-off versus Mike Richards in neutral zone.
9:26 of 3rd period - Slapshot by Erik Cole.
9:26 of 3rd period - Shot Misses the Net.
9:38 of 3rd period - Mike Mottau is hit by Nik Antropov.
10:04 of 3rd period - Snap shot by François Beauchemin.
10:04 of 3rd period - Shot Blocked by Matt Smaby.
11:40 of 3rd period - Off-side.
11:41 of 3rd period - Shawn Horcoff wins face-off versus Randy Robitaille in neutral zone.
11:44 of 3rd period - Slapshot by Rob Blake.
11:44 of 3rd period - Shot Blocked by Francis Bouillon.
11:52 of 3rd period - Wrist shot by Alexander Semin.
11:52 of 3rd period - Stopped by Jimmy Howard without a rebound.
11:53 of 3rd period - Mike Richards wins face-off versus Petr Schastlivy in Kings zone.
11:53 of 3rd period - Mike Richards is hit by Tomas Kaberle.
12:07 of 3rd period - Snap shot by Alexei Morozov.
12:07 of 3rd period - Goal by Alexei Morozov - Flames : 4 - Kings : 6.
12:08 of 3rd period - Michal Handzus wins face-off versus Mike Richards in neutral zone.
12:35 of 3rd period - Ryan Whitney is hit by Tomas Kaberle and loses puck.
12:58 of 3rd period - Wrist shot by Owen Nolan.
12:58 of 3rd period - Deflect By Kyle Calder.
12:58 of 3rd period - Shot Blocked by Mike Ricci.
12:58 of 3rd period - Puck is out of play.
12:59 of 3rd period - Mike Richards wins face-off versus Blair Betts in Kings zone.
13:47 of 3rd period - Slapshot by Alexander Semin.
13:47 of 3rd period - Shot Misses the Net.
13:53 of 3rd period - Brett Lebda is hit by Erik Cole and loses puck.
14:14 of 3rd period - Wrist shot by Rick Nash.
14:14 of 3rd period - Stopped by Pekka Rinne with a rebound.
14:25 of 3rd period - Minor Penalty to Darcy Hordichuk for Interference.
14:26 of 3rd period - Shawn Horcoff wins face-off versus Rick Nash in Kings zone.
14:56 of 3rd period - Slapshot by Rob Blake.
14:56 of 3rd period - Shot Misses the Net.
14:58 of 3rd period - Wrist shot by Blair Betts.
14:58 of 3rd period - Shot Blocked by Francis Bouillon.
15:00 of 3rd period - Wrist shot by Kyle Calder.
15:00 of 3rd period - Deflect By David Backes.
15:00 of 3rd period - Shot Blocked by Randy Robitaille.
15:00 of 3rd period - Puck is out of play.
15:01 of 3rd period - Blair Betts wins face-off versus Randy Robitaille in Kings zone.
15:20 of 3rd period - Snap shot by David Backes.
15:20 of 3rd period - Shot Misses the Net.
15:32 of 3rd period - Snap shot by Blair Betts.
15:32 of 3rd period - Stopped by Jimmy Howard with a rebound.
15:45 of 3rd period - Derek Boogaard is hit by Tomas Kaberle and loses puck.
15:56 of 3rd period - Wrist shot by David Backes.
15:56 of 3rd period - Deflect By Blair Betts.
15:56 of 3rd period - Shot Blocked by Francis Bouillon.
15:56 of 3rd period - Puck is out of play.
15:57 of 3rd period - Shawn Horcoff wins face-off versus Mike Ricci in Kings zone.
16:25 of 3rd period - Penalty to Darcy Hordichuk is over, Darcy Hordichuk is back on ice.
17:27 of 3rd period - Mike Mottau is hit by Nicklas Lidstrom and loses puck.
18:19 of 3rd period - Erik Cole is hit by Matt Smaby and loses puck.
18:32 of 3rd period - Slapshot by Owen Nolan.
18:32 of 3rd period - Stopped by Jimmy Howard without a rebound.
18:33 of 3rd period - Mikhail Grabovski wins face-off versus Nik Antropov in Kings zone.
18:34 of 3rd period - Slapshot by David Moss.
18:34 of 3rd period - Shot Misses the Net.
18:36 of 3rd period - Snap shot by David Moss.
18:36 of 3rd period - Shot Blocked by Nik Antropov.
18:44 of 3rd period - Wrist shot by Jordin Tootoo.
18:44 of 3rd period - Shot Blocked by Derek Boogaard.
18:46 of 3rd period - Slapshot by David Moss.
18:46 of 3rd period - Shot Blocked by Nik Antropov.
19:03 of 3rd period - Snap shot by Patrick Kane.
19:03 of 3rd period - Goal by Patrick Kane - Flames : 4 - Kings : 7.
19:04 of 3rd period - Mike Richards wins face-off versus Michal Handzus in neutral zone.
19:14 of 3rd period - Minor Penalty to Alexei Morozov for Interference.
19:15 of 3rd period - Randy Robitaille wins face-off versus Shawn Horcoff in Kings zone.
19:24 of 3rd period - Slapshot by Rob Blake.
19:24 of 3rd period - Stopped by Jimmy Howard without a rebound.
19:25 of 3rd period - Randy Robitaille wins face-off versus Shawn Horcoff in Kings zone.
Output by the SimonT Hockey Simulator (STHS) for François Prévost -- Original Page W3C XHTML 1.0 Valid